 Dungeon Crawl Stone Soup version 0.23.2-1-ga50397a (webtiles) character file.

Game seed: 8051215445534890485

50 GreenArt the Firebug (level 3, 0/26 HPs)
             Began as a Draconian Fire Elementalist on May 4, 2019.
             Succumbed to an adder's poison
             ... on level 2 of the Dungeon.
             The game lasted 00:13:24 (1703 turns).

GreenArt the Firebug (Draconian Fire Elementalist)  Turns: 1703, Time: 00:13:25

Health: 0/26       AC:  5    Str: 10    XL:     3   Next: 55%
Magic:  1/6        EV: 12    Int: 16    God:
Gold:   63         SH:  0    Dex: 11    Spells: 6/7 levels left

rFire    . . .     SeeInvis .   (no weapon)
rCold    . . .     Gourm    .   (no shield)
rNeg     . . .     Faith    .   (armour unavailable)
rPois    .         Spirit   .   (helmet restricted)
rElec    .         Reflect  .   (no cloak)
rCorr    .         Harm     .   (no gloves)
MR       .....                  (no boots)
Stlth    ++........             (no amulet)
HPRegen  0.08/turn              (no ring)
MPRegen  0.10/turn              (no ring)

@: lethally poisoned (0 -> -8)
A: unfitting armour, cold-blooded, AC +5
a: no special abilities


You were on level 2 of the Dungeon.
You were not hungry.

You visited 1 branch of the dungeon, and saw 2 of its levels.

You collected 63 gold pieces.

Inventory:

Hand Weapons
 d - a +0 short sword
 h - a +0 dagger
 i - a +0 short sword
 l - a +0 hand axe
 p - a +0 dagger
 u - a +0 short sword
 x - a +0 club
 y - a +0 dagger
 A - a +0 club
 C - a +0 club
 E - a +0 club
 H - a +0 club
 J - a +0 whip
 L - a +0 whip
 N - a +0 dagger
Missiles
 g - 17 sling bullets
 n - 13 poisoned needles
 s - 20 stones (quivered)
 G - 17 arrows
Armour
 e - a +0 plate armour of poison resistance
 t - a +0 buckler
 v - a +0 ring mail
 O - a +0 robe
Jewellery
 k - a +4 ring of intelligence {unknown}
 o - an uncursed amulet of magic regeneration {unknown}
 w - an uncursed ring of protection from fire {unknown}
Scrolls
 c - 5 scrolls of identify {unknown}
 j - 2 scrolls of enchant weapon {unknown}
 r - a scroll of fog {unknown}
 D - a scroll of remove curse {unknown}
 F - a scroll of magic mapping {unknown}
 I - a scroll of fear {unknown}
 M - a scroll of teleportation {unknown}
Potions
 a - a potion of haste {unknown}
 f - 2 potions of magic {unknown}
 m - a potion of agility {unknown}
 q - 2 potions of brilliance {unknown}
 z - a potion of flight {unknown}
 K - a potion of heal wounds {unknown}
Comestibles
 b - 3 rations
 B - 2 chunks of flesh


   Skills:
 + Level 2.0 Dodging
 + Level 2.0 Stealth
 + Level 2.5 Spellcasting
 + Level 1.2 Conjurations
 + Level 3.8 Fire Magic


You had 6 spell levels left.
You knew the following spells:

 Your Spells              Type           Power        Failure   Level  Hunger
a - Flame Tongue          Conj/Fire      ##...        7%          1    #......

Your spell library contained the following spells:

 Spells                   Type           Power        Failure   Level  Hunger
 Throw Flame              Conj/Fire      ##....       11%         2    ##.....
 Conjure Flame            Conj/Fire      ##......     21%         3    ###....
 Inner Flame              Hex/Fire       #.......     26%         3    ###....
 Sticky Flame             Conj/Fire      ##......     56%         4    #####..
 Fireball                 Conj/Fire      ##........   88%         5    ######.


Dungeon Overview and Level Annotations

Branches:
Dungeon (2/15)

Altars:


Innate Abilities, Weirdness & Mutations

Your plain brown scales are hard. (AC +5)
You cannot fit into any form of body armour.
You are cold-blooded and may be slowed by cold attacks.


Message History

* * * LOW HITPOINT WARNING * * *
You barely miss the adder.
The adder is heavily wounded.
* * * LOW HITPOINT WARNING * * *
You feel sick. The adder barely misses you.
You barely miss the adder.
Your tail-slap misses the adder.
The adder is heavily wounded.
The adder barely misses you.
Casting: Flame Tongue (safe; 7% risk of failure)
Confirm with . or Enter, or press ? or * to list all spells.
Aiming: Flame Tongue (safe; 7% risk of failure)
Press: ? - help, Shift-Dir - straight line, f/p - adder
Aim: an adder (heavily wounded)
The flame tongue misses the adder.
* * * LOW HITPOINT WARNING * * *
You feel sick.
The adder bites you but does no damage. x2
A rat comes into view.
* * * LOW HITPOINT WARNING * * *
You feel sick.
You die...

# #.#....#..# #
#.#....#..# #
#.#....#..# #####
#.###..#..# ....#
#.#....#..# ....#
#.#.......##### ....#
#.###.........#
....######...#.#...###.#
##......####.#.#@.S....#
#...........#.#..###..#
##......######.#.... .#
........# #.##.### #
##.#'#### #.##.. #.#.#
####### ##.# #.#.#
#.....# r# #.#.# #.###.#
.. ##.#.# #.# #.#


You could see an adder and a rat (sleeping).

Vanquished Creatures
  An adder (D:2)
  An ooze (D:1)
  2 worms (D:2)
  3 bats (D:2)
  7 goblins
  5 hobgoblins
  4 frilled lizards
  4 kobolds
  A rat (D:2)
28 creatures vanquished.

Notes
Turn   | Place    | Note
-------+----------+-------------------------------------------
     0 | D:1      | GreenArt the Draconian Fire Elementalist began the quest
                  | for the Orb.
     0 | D:1      | Reached XP level 1. HP: 14/14 MP: 3/3
   407 | D:1      | Reached XP level 2. HP: 6/20 MP: 0/5
   753 | D:2      | Reached XP level 3. HP: 8/26 MP: 3/6
  1702 | D:2      | HP: 1/26 [poisoned by an adder]
  1703 | D:2      | Succumbed to an adder's poison

Skill      XL: |  1  2  3 |
---------------+----------+-----
Stealth        | 2 |  2.0
Dodging        | 2 |  2.0
Spellcasting   | |  2.5
Conjurations   | |  1.2
Fire Magic     | |  3.8

Action                   || total
-------------------------++-------
Melee: Unarmed           ||    30
       Tailslap          ||     1
 Cast: Flame Tongue      ||    63
  Eat: Chunk             ||     3
Armor: Skin              ||    12
Dodge: Dodged            ||    43
